 Dungeon Crawl Stone Soup version 0.29.1-1-gd02db6906a (webtiles) character file.

Game seed: 1005979220513258592

46081 Godmorgon the Stormcaller (level 14, -10/68 HPs)
             Began as a Tengu Air Elementalist on Oct 17, 2022.
             Was an Elder of Vehumet.
             Mangled by an orc knight
             ... wielding a +0 halberd
              (26 damage)
             ... on level 11 of the Dungeon on Oct 19, 2022.
             The game lasted 01:51:59 (24249 turns).

Godmorgon the Stormcaller (Tengu Air Elementalist) Turns: 24249, Time: 01:52:00

Health: -10/68     AC: 11    Str: 10    XL:     14   Next: 35%
Magic:  35/37      EV: 13    Int: 21    God:    Vehumet [****..]
Gold:   2245       SH:  7    Dex: 15    Spells: 13/32 levels left

rFire   . . .      SeeInvis .   b - +5 demon blade (flame)
rCold   + . .      Faith    .   v - +2 buckler {reflect}
rNeg    + . .      Spirit   .   C - +3 leather armour {rC+}
rPois   +          Reflect  +   (helmet restricted)
rElec   +          Harm     .   p - +2 cloak {Will+}
rCorr   .          Rampage  .   B - +0 pair of gloves of Parts Unknown {rElec MP+9}
Will    +++..                   (boots unavailable)
Stlth   ++........              (no amulet)
HPRegen 0.21/turn               r - ring of poison resistance
MPRegen 0.25/turn               A - ring of Ascent {rN+ Will+ Int+2}

@: flying quickly and evasively, quick
A: beak, talons 3, nimble flight
a: Renounce Religion


You were on level 11 of the Dungeon.
You worshipped Vehumet.
Vehumet was greatly pleased with you.
You visited 3 branches of the dungeon, and saw 17 of its levels.

You collected 2245 gold pieces.

Inventory:

Hand Weapons
 b - a +5 demon blade of flaming (weapon)
Missiles
 c - 8 boomerangs of dispersal
 g - 29 poisoned darts
 j - 4 datura-tipped darts
 u - 6 curare-tipped darts (quivered)
 D - a throwing net
Armour
 p - a +2 cloak of willpower (worn)
 v - a +2 buckler of reflection (worn)
 B - the +0 pair of gloves of Parts Unknown (worn) {rElec MP+9}
   (You acquired it on level 6 of the Dungeon)

   rElec:     It insulates you from electricity.
   MP:        It affects your magic capacity (+9).
 C - a +3 leather armour of cold resistance (worn)
Magical Staves
 a - a staff of air
Jewellery
 r - a ring of poison resistance (left hand)
 A - the ring of Ascent (right hand) {rN+ Will+ Int+2}
   (You acquired it on level 6 of the Dungeon)

   [ring of positive energy]

   Int:       It affects your intelligence (+2).
   rN:        It protects you from negative energy.
   Will:      It increases your willpower.
Wands
 n - a wand of digging (5)
 o - a wand of polymorph (3)
 x - a wand of mindburst (4)
 F - a wand of light (9)
 I - a wand of flame (13)
 Q - a wand of roots (2)
Scrolls
 i - 4 scrolls of teleportation
 k - 5 scrolls of vulnerability
 l - a scroll of immolation {unknown}
 t - 4 scrolls of fear
 z - a scroll of blinking
 G - a scroll of torment {unknown}
 J - 2 scrolls of amnesia {unknown}
 L - 2 scrolls of magic mapping {unknown}
 N - 2 scrolls of noise {unknown}
 O - a scroll of brand weapon {unknown}
 R - a scroll of fog {unknown}
 T - a scroll of summoning {unknown}
Potions
 d - 3 potions of cancellation
 e - 4 potions of lignification
 f - 3 potions of haste
 h - a potion of invisibility {unknown}
 m - 2 potions of resistance {unknown}
 q - 3 potions of attraction
 s - 13 potions of curing
 w - 6 potions of heal wounds
 y - a potion of magic
 E - 2 potions of brilliance
 H - a potion of degeneration {unknown}
 K - 2 potions of flight {unknown}
 M - 8 potions of ambrosia
 V - a potion of might
Miscellaneous
 P - a box of beasts


   Skills:
 - Level 8.0 Long Blades
 - Level 5.0 Armour
 - Level 2.1 Dodging
 - Level 2.0 Stealth
 - Level 5.0 Shields
 + Level 9.7 Spellcasting
 + Level 13.3 Conjurations
 * Level 18.8 Air Magic
 - Level 10.0 Poison Magic


You had 13 spell levels left.
You knew the following spells:

 Your Spells              Type           Power      Damage    Failure   Level
a - Airstrike             Air            36%        2d(6-22)  1%          4
c - Conjure Ball Lightni  Conj/Air       33%        3x3d11    1%          6
d - Static Discharge      Conj/Air       67%        3-12/arc  0%          2
p - Poisonous Vapours     Pois/Air       100%       N/A       1%          2
s - Shock                 Conj/Air       100%       1d9       0%          1
t - Olgreb's Toxic Radia  Pois           51%        N/A       1%          4

Your spell library contained the following spells:

 Spells                   Type           Power      Damage    Failure   Level
 Flame Wave               Conj/Fire      38%        2d10      1%          4
 Swiftness                Air            73%        N/A       0%          3
 Sting                    Tmut/Pois      100%       1d8       1%          1
 Hailstorm                Conj/Ice       38%        3d9       1%          4
 Iskenderun's Battlesphe  Conj           60%        2d11      1%          5
 Corpse Rot               Necr/Pois/Air  50%        N/A       2%          4
 Fireball                 Conj/Fire      19%        3d9       5%          5
 Slow                     Hex            40%        N/A       11%         1
 Orb of Destruction       Conj           30%        9d10      11%         7
 Blink                    Tloc           20%        N/A       17%         2
 Confusing Touch          Hex            10%        N/A       32%         3
 Lesser Beckoning         Tloc           10%        N/A       32%         3
 Vampiric Draining        Necr           10%        2d6       32%         3
 Yara's Violent Unravell  Hex/Tmut       5%         3d4       58%         5
 Ice Form                 Ice/Tmut       10%        N/A       73%         4
 Manifold Assault         Tloc           10%        N/A       97%         5
 Simulacrum               Ice/Necr       5%         N/A       100%        6
 Enfeeble                 Hex            5%         N/A       100%        7


Dungeon Overview and Level Annotations

Branches:
Dungeon (11/15)            Temple (1/1) D:6            Lair (5/5) D:9
 Shoals (0/4) Lair:2        Snake (0/4) Lair:3        Slime (0/5) Lair:4
    Orc: D:9-12

Altars:
Ashenzari
Cheibriados
Dithmenos
Elyvilon
Fedhas
Gozag
Hepliaklqana
Kikubaaqudgha
Makhleb
Nemelex Xobeh
Okawaru
Qazlal
Ru
Sif Muna
Trog
Uskayaw
Vehumet
Wu Jian
Xom
Yredelemnul
Zin
The Shining One
Jiyva

Shops:
D:4 *   D:6 :

Portals:
Hell: Lair:5


Innate Abilities, Weirdness & Mutations

You have a beak for a mouth.
You have claws for feet.
Your magical nature lets you fly swiftly and evasively.


Message History

The efreet is heavily wounded.
The blast of lightning engulfs your ball lightning.
Your ball lightning completely resists.
The blast of lightning engulfs you. You resist.
The blast of lightning engulfs your ball lightning.
Your ball lightning completely resists.
The blast of lightning engulfs the deep elf pyromancer!
The deep elf pyromancer is severely wounded.
The blast of lightning engulfs the yaktaur!
The yaktaur is heavily wounded.
The blast of lightning engulfs the wizard!
The wizard is heavily wounded.
Your ball lightning explodes!
The blast of lightning engulfs the yaktaur!!
You kill the yaktaur!
Vehumet accepts your kill.
The blast of lightning engulfs your ball lightning.
Your ball lightning completely resists.
The blast of lightning engulfs the wizard!!
You kill the wizard!
Vehumet accepts your kill.
You feel your power returning.
The blast of lightning engulfs the deep elf pyromancer!!
You kill the deep elf pyromancer!
Vehumet accepts your kill.
You feel your power returning.
The blast of lightning engulfs the orc knight!
The orc knight is moderately wounded.
The blast of lightning engulfs you. You resist.
The blast of lightning engulfs the efreet!!
You kill the efreet!
Vehumet accepts your kill. Something hits your ball lightning!
Your ball lightning explodes!
Vehumet accepts your kill.
You feel your power returning.
You feel a bit more experienced. The blast of lightning engulfs you!
You resist.
* * * LOW HITPOINT WARNING * * *
The orc knight hits you from afar with a +0 halberd!!
You die...

.. #### .## #
).. ..# |# #
#.# ..# #.#
#. .. .. ..
#.. ##o### #
#...#)))#...#
#J#@<<#.#
#...#)..#...#
#.. ##○### #
#. .. .H .. #
#.# ..# #.#
=.. ..# [#
#### .## # .#


You could see an orc knight (very poisoned), a slime creature and a manticore.

Vanquished Creatures
  Kirke (Lair:5)
  Snorg (D:10)
  2 boulder beetles (Lair:5)
  A centaur warrior (D:11)
  8 hydras
  2 two-headed ogres (D:9)
  The ghost of btbam the Protected, a novice MiFi of Gozag (D:7)
  A sixfirhy (Lair:5)
  2 wizards
  An orc knight (D:10)
  The ghost of turdburglar the Geomancer, a novice GrEE (D:6)
  A deep elf pyromancer (D:11)
  Maurice (D:10)
  9 elephants
  An ice statue (Lair:2)
  A smoke demon (Lair:5)
  4 black mambas
  10 cane toads
  An orange demon (Lair:5)
  A yaktaur (D:11)
  A kobold demonologist (D:7)
  6 rime drakes
  An efreet (D:11)
  2 ice devils (Lair:5)
  12 komodo dragons
  3 red devils (Lair:5)
  2 polar bears
  A queen bee (D:9)
  2 trolls (D:10)
  2 hornets
  Prince Ribbit (D:8)
  2 slime creatures (Lair:4)
  16 blink frogs
  A dream sheep (Lair:5)
  23 yaks
  8 wyverns
  4 basilisks
  5 hogs (Lair:5)
  3 steam dragons
  Menkaure (D:4)
  2 nagas (Lair:3)
  2 acid dragons (D:10)
  10 water moccasins
  4 hell hounds (Lair:5)
  3 sky beasts
  10 ice beasts
  An ogre (D:7)
  2 orc warriors
  17 wolves
  5 centaurs
  A phantom (D:6)
  16 bullfrogs
  6 scorpions (D:8)
  4 wights (D:7)
  25 killer bees (D:9)
  An electric eel (D:8)
  7 howler monkeys
  8 hounds
  Crazy Yiuf (D:2)
  2 orc priests (D:6)
  2 gnoll boudas
  6 jellies
  Jessica (D:2)
  An iguana (D:6)
  4 orc wizards
  6 gnolls
  6 adders
  4 shadow imps (D:8)
  7 white imps
  4 ufetubi
  5 worms
  2 dart slugs
  32 orcs
  5 ball pythons
  7 bats
  6 endoplasms
  4 giant cockroaches
  5 goblins
  8 hobgoblins
  2 jackals (D:1)
  2 quokkas
  3 frilled lizards (D:1)
  4 kobolds
  5 rats
  A spectral orc (D:4)
405 creatures vanquished.

Vanquished Creatures (others)
  A human (Lair:5)
  50 ball lightnings
  3 demonic plants (D:8)
  41 fungi
  39 plants
134 creatures vanquished.

Grand Total: 539 creatures vanquished

Notes
Turn   | Place    | Note
-------+----------+-------------------------------------------
     0 | D:1      | Godmorgon the Tengu Air Elementalist began the quest for
                  | the Orb.
     0 | D:1      | Reached XP level 1. HP: 10/10 MP: 4/4
   250 | D:1      | Reached XP level 2. HP: 15/15 MP: 0/6
   253 | D:1      | Learned a level 2 spell: Static Discharge
   762 | D:1      | Reached XP level 3. HP: 16/19 MP: 2/7
  1268 | D:2      | Noticed Jessica
  1275 | D:2      | Killed Jessica
  1276 | D:2      | Reached skill level 5 in Air Magic
  1276 | D:2      | Reached XP level 4. HP: 8/24 MP: 1/8
  1991 | D:2      | Found a runed translucent door.
  1992 | D:2      | Noticed Crazy Yiuf
  1998 | D:2      | Killed Crazy Yiuf
  2316 | D:3      | Found a faded altar of an unknown god.
  2355 | D:3      | Gained mutation: Your magical nature lets you fly swiftly
                  | and evasively. [Tengu growth]
  2355 | D:3      | Reached XP level 5. HP: 28/28 MP: 4/10
  2508 | D:3      | Reached skill level 6 in Air Magic
  3259 | D:4      | Found Kufur's Overcharged Wands.
  3369 | D:4      | Learned a level 2 spell: Poisonous Vapours
  3374 | D:4      | Learned a level 4 spell: Airstrike
  3682 | D:4      | Found a basalt altar of Yredelemnul.
  3815 | D:4      | Noticed Menkaure
  3825 | D:4      | Killed Menkaure
  3826 | D:4      | Reached skill level 1 in Shields
  3826 | D:4      | Reached skill level 1 in Poison Magic
  3826 | D:4      | Reached XP level 6. HP: 23/32 MP: 4/11
  4514 | D:5      | Entered Level 5 of the Dungeon
  4523 | D:5      | Reached skill level 7 in Air Magic
  4606 | D:5      | Noticed an ice beast
  4665 | D:5      | Found an opulent altar of Gozag.
  4665 | D:5      | Found a shimmering blue altar of Sif Muna.
  4666 | D:5      | Found a white marble altar of Elyvilon.
  4686 | D:5      | Found a shimmering altar of Xom.
  4814 | D:5      | Reached XP level 7. HP: 35/36 MP: 5/13
  5061 | D:5      | Identified the +1 hand axe of Disarray {elec, Str+4}
  5540 | D:5      | Found a glowing golden altar of the Shining One.
  5606 | D:6      | Identified 5 scrolls of acquirement
  5606 | D:6      | Acquired a staff of air
  5609 | D:6      | Acquired the ring of Ascent {rN+ Will+ Int+2}
  5612 | D:6      | Acquired a +1 demon blade of flaming
  5617 | D:6      | Acquired the +0 pair of gloves of Parts Unknown {rElec
                  | MP+9}
  5629 | D:6      | Acquired 620 gold pieces
  5936 | D:6      | Found a staircase to the Ecumenical Temple.
  5946 | Temple   | Entered the Ecumenical Temple
  6430 | Temple   | Became a worshipper of Vehumet
  6566 | D:6      | Found a stormy altar of Qazlal.
  6567 | D:6      | Found Famapau's Book Emporium.
  6573 | D:6      | Reached skill level 8 in Air Magic
  6668 | D:6      | Reached XP level 8. HP: 21/41 MP: 14/14
  6897 | D:6      | Reached skill level 5 in Conjurations
  6955 | D:6      | Reached skill level 1 in Long Blades
  7441 | D:6      | Reached skill level 1 in Armour
  7643 | D:6      | Found a runed translucent gate.
  7644 | D:6      | Found a runed translucent gate.
  7645 | D:6      | Found a runed translucent gate.
  7670 | D:6      | Noticed turdburglar's ghost (novice GrEE)
  7937 | D:7      | Noticed btbam's ghost (novice MiFi)
  7939 | D:7      | Found a transporter.
  7941 | D:7      | Noticed a wyvern
  7941 | D:7      | Noticed a kobold demonologist
  7997 | D:7      | Reached skill level 9 in Air Magic
  8053 | D:7      | Found a transporter.
  8107 | D:7      | Reached XP level 9. HP: 45/45 MP: 16/16
  8765 | D:7      | Reached skill level 5 in Shields
  8813 | D:7      | Reached * piety under Vehumet
  8813 | D:7      | Offered knowledge of Foxfire by Vehumet.
  9481 | D:8      | Noticed a hornet
  9484 | D:8      | Killed a hornet
  9485 | D:8      | Reached skill level 10 in Air Magic
  9720 | D:8      | Reached skill level 5 in Spellcasting
  9828 | D:8      | Reached XP level 10. HP: 50/50 MP: 7/18
 10089 | D:8      | Found the +7 Singing Sword {vorpal, sonic wave}
 10203 | D:8      | Offered knowledge of Sandblast by Vehumet.
 10220 | D:8      | Reached skill level 5 in Armour
 10224 | D:8      | Reached ** piety under Vehumet
 10285 | D:8      | Reached skill level 11 in Air Magic
 10494 | D:8      | Noticed Prince Ribbit
 10500 | D:8      | Killed Prince Ribbit
 10583 | D:8      | Found a blossoming altar of Fedhas.
 10910 | D:9      | Found a staircase to the Lair.
 10953 | D:9      | Found a sacrificial altar of Ru.
 10958 | D:9      | Noticed a two-headed ogre
 10970 | D:9      | Killed a two-headed ogre
 10971 | D:9      | Reached skill level 5 in Poison Magic
 11015 | D:9      | Reached skill level 5 in Long Blades
 11250 | D:9      | Reached skill level 12 in Air Magic
 11315 | D:9      | Noticed a two-headed ogre
 11330 | D:9      | Killed a two-headed ogre
 11443 | D:9      | Reached XP level 11. HP: 54/54 MP: 21/21
 11586 | D:9      | Offered knowledge of Conjure Flame by Vehumet.
 11593 | D:9      | Reached *** piety under Vehumet
 11792 | D:9      | Found a glowing silver altar of Zin.
 11807 | D:9      | Found a hazy altar of Hepliaklqana.
 11935 | Lair:1   | Entered Level 1 of the Lair of Beasts
 12132 | Lair:1   | Reached skill level 13 in Air Magic
 12642 | Lair:1   | Offered knowledge of Stone Arrow by Vehumet.
 12890 | Lair:1   | Learned a level 4 spell: Olgreb's Toxic Radiance
 13377 | Lair:2   | Noticed an ice dragon
 13766 | Lair:2   | Noticed a seven-headed hydra
 13793 | Lair:2   | Reached skill level 14 in Air Magic
 13979 | Lair:2   | Found a staircase to the Shoals.
 14209 | Lair:2   | Killed a seven-headed hydra
 14210 | Lair:2   | Reached XP level 12. HP: 59/59 MP: 18/23
 14566 | Lair:3   | Noticed a six-headed hydra
 14629 | Lair:3   | Reached skill level 10 in Conjurations
 14632 | Lair:3   | Killed a six-headed hydra
 14781 | Lair:3   | Noticed a seven-headed hydra
 14784 | Lair:3   | Killed a seven-headed hydra
 14854 | Lair:3   | Noticed a four-headed hydra
 14873 | Lair:3   | Killed a four-headed hydra
 15167 | Lair:3   | Reached **** piety under Vehumet
 15168 | Lair:3   | Reached skill level 15 in Air Magic
 15437 | Lair:3   | Offered knowledge of Inner Flame by Vehumet.
 15901 | Lair:3   | Found a staircase to the Snake Pit.
 16868 | Lair:3   | Learned a level 6 spell: Conjure Ball Lightning
 17437 | Lair:4   | Reached skill level 16 in Air Magic
 17437 | Lair:4   | Reached XP level 13. HP: 39/63 MP: 16/26
 17711 | Lair:4   | Found a viscous altar of Jiyva.
 17711 | Lair:4   | Found a staircase to the Slime Pits.
 18357 | Lair:5   | Entered Level 5 of the Lair of Beasts
 18364 | Lair:5   | Noticed Kirke
 18374 | Lair:5   | Killed Kirke
 19402 | Lair:5   | Reached skill level 17 in Air Magic
 19596 | Lair:5   | Reached ***** piety under Vehumet
 19688 | Lair:5   | Offered knowledge of Flame Wave by Vehumet.
 20327 | Lair:5   | Reached skill level 18 in Air Magic
 20433 | Lair:5   | Reached XP level 14. HP: 68/68 MP: 28/28
 21610 | Lair:5   | Found a burning altar of Makhleb.
 21618 | Lair:5   | Found a gateway to Hell.
 22099 | D:6      | Killed turdburglar's ghost
 22123 | D:6      | Identified the +1 hat of Vehumet's Reproof {rF- rCorr Str+4
                  | Stlth+}
 22279 | D:7      | Killed btbam's ghost
 22547 | D:10     | Entered Level 10 of the Dungeon
 22551 | D:10     | Noticed Maurice
 22561 | D:10     | Killed Maurice
 23198 | D:10     | Reached skill level 10 in Poison Magic
 23221 | D:10     | Noticed Snorg
 23278 | D:10     | Killed Snorg
 24249 | D:11     | Mangled by an orc knight

Illustrated notes

Levels and vault maps discovered:
D:1:      lemuel_arrival_hallway, layout_basic,
          amcnicky_mini_rare_corridor_liquid
D:2:      layout_rooms, dk_noncrumbling_3, chequers_serial_rivers_room_a,
          uniq_crazy_yiuf_cottage, uniq_jessica
D:3:      layout_basic, hellmonk_ecumenical_altar_pennies_from_heaven,
          grunt_ministairs_3
D:4:      layout_basic, yredelemnul_forgotten_temple_becter,
          nicolae_shop_overcharged_wands, uniq_menkaure
D:5:      layout_rooms, tso_altar, nicolae_overflow_quartered_altars,
          minmay_statues_item
D:6:      layout_loops_corners, mainiacjoe_overflow_cross_hatched, temple_hall,
          serial_shops, shop, biasface_ghost_orc_armoury
D:7:      layout_gridville, serial_rivers, chequers_serial_rivers_small_3,
          chequers_serial_rivers_micro_c, chequers_serial_rivers_room_a,
          chequers_serial_rivers_large_a, chequers_serial_rivers_micro_e,
          gammafunk_ghost_arena, minivault_11
D:8:      old_forge, layout_gridville, mainiacjoe_overflow_paths,
          serial_demonic, serial_demonic_e, serial_demonic_a, serial_demonic_e,
          serial_demonic_e, serial_demonic_f, serial_demonic_a,
          serial_demonic_f, uniq_prince_ribbit1
D:9:      layout_rooms, amcnicky_altar_gilded, zin_statuary,
          worldfamousw_hep_ancestral_shrine, lair_entry_dummy, special_room
          [special_room_bee]
D:10:     layout_roguey, uniq_snorg, uniq_maurice
D:11:     minmay_ambush_box, layout_layer_cave, uniq_lodul
Temple:   chequers_temple_sunken
Lair:1:   layout_cave_pods, beast_lair_carwin_7, lemuel_fruit_tree
Lair:2:   layout_misc_corridors, minmay_shoals_entry_centaurs, ice2_lemuel
Lair:3:   beast_lair_carwin_large_2, layout_cave_pods,
          guppyfry_snake_entry_island
Lair:4:   layout_regular_city, minmay_slime_entry_pillars, grunt_megastairs_2
Lair:5:   evil_forest, layout_gridlike, uniq_kirke

Skill      XL: |  1  2  3  4  5  6  7  8  9 10 11 12 13 14 |
---------------+-------------------------------------------+-----
Conjurations   | 2 3 4 5 6 8 9 11 12 13 | 13.3
Air Magic      | 5 6 7 8 9 10 12 14 16 18 | 18.8
Spellcasting   | 3 4 5 6 7 8 9 |  9.7
Shields        | 1 2 3 4 5 |  5.0
Poison Magic   | 1 2 3 4 5 6 8 9 10 | 10.0
Long Blades    | 2 3 5 7 8 |  8.0
Armour         | 2 4 5 |  5.0
Dodging        | |  2.1
Stealth        | |  2.0

Action                   |  1- 3 |  4- 6 |  7- 9 | 10-12 | 13-15 || total
-------------------------+-------+-------+-------+-------+-------++-------
Melee: Dagger            |     5 |    10 |       |       |       ||    15
       Kick              |     2 |     5 |    18 |     9 |     7 ||    41
       Peck              |     1 |     1 |    13 |     8 |     6 ||    29
       Hand axe          |       |    13 |    21 |       |       ||    34
       Demon blade       |       |       |    24 |    22 |    11 ||    57
       Staff             |       |       |     4 |     8 |     1 ||    13
Throw: Dart              |       |     1 |       |       |       ||     1
 Cast: Shock             |    43 |    63 |    33 |    18 |       ||   157
       Static Discharge  |     3 |    13 |    43 |    44 |       ||   103
       Poisonous Vapours |       |    31 |    22 |    24 |    24 ||   101
       Airstrike         |       |       |    40 |   193 |   151 ||   384
       Olgreb's Toxic Ra |       |       |       |    11 |    22 ||    33
       Conjure Ball Ligh |       |       |       |       |    20 ||    20
Evoke: Wand              |       |       |       |       |     1 ||     1
  Use: Scroll            |       |       |    10 |    10 |     5 ||    25
       Potion            |       |       |       |     1 |     1 ||     2
 Stab: Sleeping          |       |     1 |       |       |       ||     1
Armor: Robe              |     1 |     3 |     8 |       |       ||    12
       Leather armour    |       |       |     3 |    19 |    14 ||    36
Dodge: Dodged            |     4 |    23 |    54 |    46 |    24 ||   151
Block: Buckler           |       |     6 |    15 |    41 |    23 ||    85
       Reflection        |       |     1 |     1 |     4 |     2 ||     8
